 Dungeon Crawl Stone Soup version 0.31-a0-339-gda1cbd555d (webtiles) character file.

Game seed: 5543054935668442015

279 rogueadept the Conjurer (level 6, -10/44 HPs)
             Began as a Human Conjurer on July 21, 2023.
             Shot with an arrow by a centaur (14 damage)
             ... on level 5 of the Dungeon.
             The game lasted 00:24:08 (1678 turns).

rogueadept the Conjurer (Human Conjurer)            Turns: 1678, Time: 00:24:13

Health: -10/44     AC:  3    Str:  8    XL:     6   Next: 52%
Magic:  3/9        EV: 17    Int: 20    God:
Gold:   74         SH:  0    Dex: 11    Spells: 8/9 levels left

rFire   . . .        e - +2 short sword (elec)
rCold   . . .        (no shield)
rNeg    . . .        a - +0 robe
rPois   .            (no helmet)
rElec   .            (no cloak)
rCorr   .            o - +0 pair of gloves
SInv    .            (no boots)
Will    .....        (no amulet)
Stlth   ++           j - +5 ring of evasion
HPRegen 0.27/turn    (no ring)
MPRegen 0.11/turn

%: no passive effects
@: no status effects
A: no striking features
a: no special abilities


You were on level 5 of the Dungeon.
You visited 1 branch of the dungeon, and saw 4 of its levels.

You collected 74 gold pieces.

Inventory:

Hand Weapons
 d - a +0 dagger of electrocution
 e - a +2 short sword of electrocution (weapon)
Armour
 a - a +0 robe (worn)
 o - a +0 pair of gloves (worn)
Jewellery
 j - a +5 ring of evasion (left hand)
Wands
 p - a wand of paralysis (3)
Scrolls
 g - a scroll of noise
 i - a scroll of vulnerability {unknown}
 k - a scroll of fog
 l - a scroll of amnesia {unknown}
 m - 2 scrolls of teleportation
Potions
 f - a potion of lignification
 n - a potion of attraction {unknown}


   Skills:
 + Level 2.0 Fighting
 + Level 2.4 Short Blades
 + Level 3.5 Dodging
 + Level 2.9 Stealth
 + Level 2.3 Spellcasting
 + Level 4.7 Conjurations
 + Level 1.1 Evocations


You had 8 spell levels left.
You knew the following spells:

 Your Spells              Type           Power      Damage    Failure   Level
a - Magic Dart            Conj           84%        1d7       2%          1

Your spell library contained the following spells:

 Spells                   Type           Power      Damage    Failure   Level
 Searing Ray              Conj           42%        2d6       3%          2
 Dazzling Flash           Conj/Hex       22%        N/A       17%         3
 Fulminant Prism          Conj/Hex       5%         3d7       50%         4
 Iskenderun's Mystic Bla  Conj/Tloc      11%        2d4       50%         4


Dungeon Overview and Level Annotations

Branches:
Dungeon (3/15)

Altars:
Qazlal
Zin

Shops:
D:1 ?   D:2 =


Message History

The gnoll is almost dead.
The gnoll misses you. The howler monkey misses you.
You barely miss the gnoll.
The gnoll is almost dead.
The gnoll closely misses you.
The howler monkey completely misses you.
You barely miss the gnoll.
The gnoll is almost dead.
The gnoll barely misses you. The howler monkey misses you.
You hit the gnoll.
You kill the gnoll!
The howler monkey completely misses you.
Your Evocations skill increases to level 1!
You closely miss the howler monkey.
The howler monkey completely misses you.
You hit the howler monkey.
The howler monkey is moderately wounded.
The howler monkey hits you.
* * * LOW HITPOINT WARNING * * *
You hit the howler monkey.
You punch the howler monkey, but do no damage.
The howler monkey is severely wounded.
The howler monkey hits you.
* * * LOW HITPOINT WARNING * * *
You hit the howler monkey.
The howler monkey is severely wounded.
The centaur is no longer paralysed.
The howler monkey misses you.
You hit the howler monkey.
You kill the howler monkey!
Your Fighting skill increases to level 2!
Casting: Magic Dart (safe; 2% risk of failure)
Confirm with . or Enter, or press ? or * to list all spells.
Aiming: Magic Dart (safe; 2% risk of failure)
Press: ? - help, Shift-Dir - straight line, f - centaur
Aim: a centaur (100% to hit)
The magic dart hits the centaur.
The centaur is lightly wounded.
The centaur wields a +0 shortbow.
The centaur shoots an arrow.
The arrow hits you!
You die...

.. .. #.
######.##
......!.#
.......)#
#...))#
######@#
#....).#
#...)..#
#..)...#
##.....#
#.c...#
#'#####
#.


You could see a centaur.

Vanquished Creatures
  A scorpion (D:5)
  A howler monkey (D:5)
  A gnoll bouda (D:5)
  An adder (D:3)
  7 gnolls (D:5)
  A worm (D:2)
  2 dart slugs
  6 ball pythons
  3 endoplasms
  2 giant cockroaches (D:1)
  4 goblins
  7 hobgoblins
  7 kobolds
  5 quokkas
  6 bats
  3 frilled lizards
  20 rats
77 creatures vanquished.

Notes
Turn   | Place    | Note
-------+----------+-------------------------------------------
     0 | D:1      | rogueadept the Human Conjurer began the quest for the Orb.
     0 | D:1      | Reached XP level 1. HP: 13/13 MP: 3/3
    97 | D:1      | Reached skill level 1 in Fighting
    97 | D:1      | Reached XP level 2. HP: 8/21 MP: 3/5
   256 | D:1      | Reached XP level 3. HP: 26/26 MP: 3/6
   363 | D:1      | Found Zimomug's Magic Scroll Shop.
   824 | D:2      | Found Xucushro's Jewellery Shop.
   962 | D:2      | Reached XP level 4. HP: 31/32 MP: 7/7
  1285 | D:2      | Reached skill level 1 in Short Blades
  1551 | D:3      | Found a stormy altar of Qazlal.
  1554 | D:3      | Found a glowing silver altar of Zin.
  1592 | D:3      | You fall into a shaft and drop 2 floors!
  1592 | D:5      | Entered Level 5 of the Dungeon
  1602 | D:5      | Noticed a scorpion
  1605 | D:5      | Reached XP level 5. HP: 32/37 MP: 8/8
  1623 | D:5      | Reached XP level 6. HP: 9/44 MP: 9/9
  1673 | D:5      | Reached skill level 1 in Evocations
  1678 | D:5      | Shot with an arrow by a centaur

Illustrated notes

Levels and vault maps discovered:
D:1:      co_arrival_square_in_a_square_in_a_square, layout_basic, serial_shops,
          nicolae_shop_crystal, minmay_misc_feat_iff,
          kennysheep_decorative_pillar, minmay_pentomino_v2
D:2:      layout_rooms, serial_shops, shop, fountainhead, minmay_rat_hole
D:3:      layout_basic, kennysheep_vampire_church,
          grunt_temple_overflow_cloverleaf
D:5:      cheibrodos_quashed, layout_gridville, fedhas_altar_2,
          chequers_decorated_corner, minmay_misc_feat_tiny, nicolae_shop_gadgets

Skill      XL: |  1  2  3  4  5  6 |
---------------+-------------------+-----
Fighting       | 1 2 |  2.0
Short Blades   | 1 2 |  2.4
Dodging        | 3 |  3.5
Evocations     | 1 |  1.1
Stealth        | |  2.9
Spellcasting   | |  2.3
Conjurations   | |  4.7

Action                     |  1- 3 |  4- 6 || total
---------------------------+-------+-------++-------
  Melee: Dagger            |     9 |       ||     9
         Short sword       |    47 |    84 ||   131
         Punch             |       |     1 ||     1
   Cast: Magic Dart        |    21 |    17 ||    38
  Evoke: Wand              |       |    17 ||    17
    Use: Potion            |       |     3 ||     3
         Scroll            |       |     4 ||     4
   Stab: Sleeping          |     1 |     1 ||     2
 Armour: Robe              |     8 |    17 ||    25
         Skin              |       |    14 ||    14
  Dodge: Dodged            |    64 |   133 ||   197

Table legend: (Time is in decaauts)
 A = Elapsed time spent in this place.
 B = Non-inter-level travel time spent in this place.
 C = Inter-level travel time spent in this place.
 D = Time resting spent in this place.
 E = Time spent auto-exploring this place.
 F = Levels seen in this place.
 G = Mean time per level.
                   A        B        C        D        E       F      G
               +--------+--------+--------+--------+--------+-----+--------+
         Total |   1672 |   1629 |     43 |     24 |      0 |   4 |  418.0 |
       Dungeon |   1672 |   1629 |     43 |     24 |      0 |   4 |  418.0 |
               +--------+--------+--------+--------+--------+-----+--------+

Top non-repeatable levels by time:
     D:1: 800 daAuts
     D:2: 694 daAuts
     D:3: 92 daAuts
     D:5: 84 daAuts
